 Dungeon Crawl Stone Soup version 0.18-a0-824-g47fe746 (webtiles) character file.

42 JokEr the Insei (level 3, 0/24 HPs)
             Began as an Octopode Transmuter on Dec 17, 2015.
             Killed by nerve-wracking pain
             ... invoked by a shadow imp
             ... summoned by Natasha
              (12 damage)
             ... on level 2 of the Dungeon.
             The game lasted 00:02:02 (1051 turns).

JokEr the Insei (Octopode Transmuter)               Turns: 1051, Time: 00:02:02

Health: 0/24       AC:  6    Str:  9    XL:     3   Next: 54%
Magic:  6/6        EV: 12    Int: 16    God:
Gold:   105        SH:  0    Dex: 12    Spells: 1 memorised, 5 levels left

rFire  . . .     SeeInvis .       - Unarmed
rCold  . . .     Gourm    .     (no shield)
rNeg   . . .     Faith    .     (helmet restricted)
rPois  .         Spirit   .     (no amulet)
rElec  .         Dismiss  .     e - ring of sustain attributes
rCorr  .         Reflect  .     g - +5 ring of protection
SustAt +         Harm     .     (no ring)
MR     .....                    (no ring)
Stlth  ++........               (no ring)
                                (no ring)
                                (no ring)
                                (no ring)

@: appendage (expiring), not resistant to hostile enchantments, unstealthy
A: almost no armour, amphibious, 8 rings, constrict 8, tentacle spike 3,
camouflage 1, gelatinous body 1
a: End Transformation


You were on level 2 of the Dungeon.
You were not hungry.
One of your tentacles had a temporary spike.
You visited 1 branch of the dungeon, and saw 2 of its levels.

You collected 105 gold pieces.

Inventory:

Missiles
 a - 27 arrows
Jewellery
 e - a ring of sustain attributes (left tentacle)
 g - a +5 ring of protection (right tentacle)
 i - an uncursed amulet of guardian spirit {unknown}
Scrolls
 f - a scroll of teleportation
 j - a scroll of random uselessness {unknown}
 k - a scroll of remove curse {unknown}
Potions
 h - a potion of curing
Books
 b - a book of Changes

   Spells                             Type                      Level
   a - Beastly Appendage              Transmutation                1
   b - Sticks to Snakes               Transmutation                2
   c - Spider Form                    Transmutation/Poison         3
   d - Ice Form                       Ice/Transmutation            4
   e - Blade Hands                    Transmutation                5
Comestibles
 c - 2 bread rations
 d - 2 meat rations


   Skills:
 + Level 2.0 Fighting
 - Level 2.0 Dodging
 + Level 3.6 Unarmed Combat
 - Level 2.0 Spellcasting
 + Level 2.5 Transmutations


You had 5 spell levels left.
You knew the following spells:

 Your Spells              Type           Power        Failure   Level  Hunger
a - Beastly Appendage     Trmt           #.....       10%         1    #......


Dungeon Overview and Level Annotations

Branches:
Dungeon (2/15)

Altars:

Annotations:
D:2 Natasha


Innate Abilities, Weirdness & Mutations

You cannot wear most types of armour.
You are amphibious.
You can wear up to eight rings at the same time.
You can use your tentacles to constrict eight enemies at once.
Your skin changes colour to match your surroundings (Stealth).
Your rubbery body absorbs attacks (AC +1).
One of your tentacles bears a large vicious spike.


Message History

Natasha closely misses you.
The shadow imp picks up a beetle and eats it.
The shadow imp hits you but does no damage.
You barely miss the shadow imp. Your squeeze misses the shadow imp.
Natasha barely misses you. The shadow imp barely misses you.
You bump into the rock wall.
Natasha claws you but does no damage. The shadow imp misses you.
You closely miss Natasha.
Your tentacle spike misses Natasha.
Natasha is heavily wounded.
Natasha claws you!
* * * LOW HITPOINT WARNING * * *
The shadow imp misses you.
Drink which item? (? for menu, Esc to quit)
Okay, then.
Drink which item? (? for menu, Esc to quit)
It was a potion of curing.
You feel better. Natasha claws you. The shadow imp gestures at you.
Pain shoots through your body!
Ouch! That really hurt!
You die...

#...(...#... .
#.......#.###.
######.## ..
#.# .#
.######.##..##
...h.........#
#.#####.##...#
#h##...#
#@5....#
####...# .## #


You could see Natasha and a shadow imp.

Vanquished Creatures
  A gnoll (D:1)
  An adder (D:2)
  An ooze (D:1)
  2 hobgoblins (D:1)
  A ball python (D:1)
  3 bats
  A giant newt (D:1)
  4 goblins (D:1)
  4 kobolds
  2 rats (D:1)
20 creatures vanquished.

Notes
Turn   | Place    | Note
--------------------------------------------------------------
     0 | D:1      | JokEr the Octopode Transmuter began the quest for the Orb.
     0 | D:1      | Reached XP level 1. HP: 13/13 MP: 3/3
   181 | D:1      | Reached XP level 2. HP: 18/18 MP: 3/5
   529 | D:1      | Reached XP level 3. HP: 22/24 MP: 4/6
  1031 | D:2      | Noticed Natasha
  1051 | D:2      | Killed from afar by a shadow imp

Vault maps used:
D:1:      roderic_chinese_lattice_arrival
D:2:      elyvilon_altar_3, uniq_natasha

Action                   || total
-------------------------++-------
Melee: Unarmed           ||    44
 Cast: Beastly Appendage ||     4
  Use: Scroll            ||     3
       Potion            ||     1
 Stab: Sleeping          ||     7
